 Dungeon Crawl Stone Soup version 0.31-a0-217-g58bb5d79cf (webtiles) character file.

Game seed: 5175789723080991851

390 qw the Shooter (level 6, -7/37 HPs)
             Began as a Gargoyle Hexslinger on July 2, 2023.
             Mangled by a gnoll sergeant
             ... wielding a +0 trident
              (8 damage)
             ... on level 5 of the Dungeon.
             The game lasted 00:01:35 (3440 turns).

qw the Shooter (Gargoyle Hexslinger)                Turns: 3440, Time: 00:01:36

Health: -7/37      AC:  9    Str: 11    XL:     6   Next: 80%
Magic:  7/7        EV: 10    Int: 14    God:
Gold:   222        SH:  0    Dex: 14    Spells: 6/7 levels left

rFire   . . .        Y - +2 sling
rCold   . . .        (no shield)
rNeg    + . .        a - +0 ring mail
rPois   inf          (no helmet)
rElec   +            (no cloak)
rCorr   +            (no gloves)
SInv    .            (no boots)
Will    .....        (no amulet)
Stlth   +            h - ring of resist corrosion
HPRegen 0.26/turn    (no ring)
MPRegen 0.10/turn

%: no passive effects
@: no status effects
A: sickness immunity, AC +4, negative energy resistance 1, electricity
resistance, torment resistance 1, petrification resistance
a: no special abilities


You were on level 5 of the Dungeon.
You visited 1 branch of the dungeon, and saw 5 of its levels.

You collected 222 gold pieces.


Innate Abilities, Weirdness & Mutations

You are immune to sickness and miasma.
Your stone body is resilient. (AC +4)
You are immune to poison.
You resist negative energy. (rN+)
You are resistant to electric shocks. (rElec)
You are resistant to unholy torment.
You are immune to petrification.


   Skills:
 + Level 3.5 Fighting
 - Level 6.0 Ranged Weapons
 - Level 1.1 Armour
 - Level 1.5 Dodging
 - Level 1.0 Spellcasting
 - Level 2.6 Hexes


You had 6 spell levels left.
You knew the following spells:

 Your Spells              Type           Power      Damage    Failure   Level
a - Slow                  Hex            32%        N/A       21%         1

Your spell library contained the following spells:

 Spells                   Type           Power      Damage    Failure   Level
 Inner Flame              Hex/Fire       4%         N/A       71%         3
 Portal Projectile        Hex/Tloc       8%         N/A       71%         3
 Cause Fear               Hex            4%         N/A       90%         4

Inventory:

Hand Weapons
 Y - a +2 sling (weapon)
Armour
 a - a +0 ring mail (worn)
Jewellery
 h - a ring of resist corrosion (left hand)
Scrolls
 b - a scroll of identify
Potions
 f - a potion of enlightenment
 g - a potion of brilliance {unknown}
 i - a potion of magic {unknown}

Dungeon Overview and Level Annotations

Branches:
Dungeon (5/15)
 Temple: D:4-7

Altars:


Message History

The sling bullet hits the gnoll sergeant.
The gnoll sergeant is lightly wounded.
The gnoll sergeant hits you from afar with a +0 trident.
You shoot a sling bullet.
The sling bullet closely misses the gnoll sergeant.
The gnoll sergeant closely misses you.
You shoot a sling bullet.
The sling bullet hits the gnoll sergeant.
The gnoll sergeant is lightly wounded.
The gnoll sergeant hits you from afar with a +0 trident.
You shoot a sling bullet.
The sling bullet hits the gnoll sergeant but does no damage.
The gnoll sergeant is lightly wounded.
The gnoll sergeant closely misses you.
The gnoll sergeant hits you from afar with a +0 trident.
You shoot a sling bullet.
The sling bullet hits the gnoll sergeant.
The gnoll sergeant is moderately wounded.
The gnoll sergeant closely misses you.
You shoot a sling bullet.
The sling bullet hits the gnoll sergeant.
The gnoll sergeant is heavily wounded.
The gnoll sergeant hits you but does no damage.
You shoot a sling bullet.
The sling bullet hits the gnoll sergeant but does no damage.
The gnoll sergeant is heavily wounded.
The gnoll sergeant hits you from afar with a +0 trident!
You shoot a sling bullet.
The sling bullet hits the gnoll sergeant but does no damage.
The gnoll sergeant is heavily wounded.
The gnoll sergeant hits you from afar with a +0 trident!
The gnoll sergeant hits you but does no damage.
You shoot a sling bullet.
The sling bullet hits the gnoll sergeant but does no damage.
The gnoll sergeant is heavily wounded.
The gnoll sergeant hits you from afar with a +0 trident.
You shoot a sling bullet.
The sling bullet barely misses the gnoll sergeant.
The gnoll sergeant hits you from afar with a +0 trident!
You die...

# #. #.
#.#######.#
#####...ggggg.#
#.......#
#.#####@# #.# #
#####.####
#.#........#
#.......##.#
###.<#### #
#....# #.......
####.####


You could see a gnoll sergeant.

Vanquished Creatures
  A scorpion (D:4)
  A jelly (D:4)
  An orc priest (D:4)
  Ijyb (D:3)
  An iguana (D:4)
  An orc wizard (D:4)
  8 adders
  3 gnolls
  A worm (D:3)
  3 dart slugs
  8 orcs
  4 bats
  9 endoplasms
  5 giant cockroaches
  4 goblins
  4 hobgoblins
  4 jackals (D:3)
  4 quokkas
  7 ball pythons
  3 frilled lizards (D:2)
  6 kobolds
  8 rats
87 creatures vanquished.

Notes
Turn   | Place    | Note
-------+----------+-------------------------------------------
     0 | D:1      | qw the Gargoyle Hexslinger began the quest for the Orb.
     0 | D:1      | Reached XP level 1. HP: 12/12 MP: 2/2
     0 | D:1      | 0 ||| qw: Version: 0.3-a-40-ge99b1a8
     0 | D:1      | 0 ||| qw: Game counter: 123
     0 | D:1      | 0 ||| qw: Melee chars always use a shield: true
     0 | D:1      | 0 ||| qw: God list: Okawaru
     0 | D:1      | 0 ||| qw: Allow faded altars: false
     0 | D:1      | 0 ||| qw: Do Orc after clearing Dungeon:15 true
     0 | D:1      | 0 ||| qw: Do second Lair branch before Depths: true
     0 | D:1      | 0 ||| qw: Lair rune preference: random
     0 | D:1      | 0 ||| qw: Goals: Normal
     0 | D:1      | 0 ||| PLANNING D:1-11
   106 | D:1      | Reached XP level 2. HP: 16/16 MP: 3/3
   184 | D:1      | Reached skill level 3 in Ranged Weapons
   257 | D:1      | Found a faded altar of an unknown god.
   485 | D:1      | 485 ||| READING scroll labelled QYSYUNKIHUIGG.
   490 | D:1      | 490 ||| DROPPING scroll of poison.
   554 | D:2      | Reached XP level 3. HP: 21/21 MP: 4/4
   950 | D:2      | Reached XP level 4. HP: 26/26 MP: 5/5
  1009 | D:2      | Reached skill level 4 in Ranged Weapons
  1326 | D:2      | 1326 ||| UPGRADING to +0 ring mail.
  1336 | D:2      | 1336 ||| DROPPING +0 robe.
  1337 | D:2      | 1337 ||| READING 2 scrolls labelled FYPPEDGH WASYE.
  1375 | D:3      | Reached skill level 1 in Armour
  1384 | D:3      | Noticed Ijyb
  1422 | D:3      | HP: 5/26 [Ijyb/+0 club (4)]
  1423 | D:3      | 1423 ||| READING scroll of teleportation.
  1424 | D:3      | 1424 ||| DRINKING potion of heal wounds.
  1521 | D:3      | Killed Ijyb
  1522 | D:3      | Reached XP level 5. HP: 19/30 MP: 6/6
  2049 | D:3      | Reached skill level 5 in Ranged Weapons
  2221 | D:4      | 2221 ||| FLEEEEING.
  2226 | D:4      | 2226 ||| FLEEEEING.
  2227 | D:4      | 2227 ||| FLEEEEING.
  2228 | D:4      | 2228 ||| FLEEEEING.
  2229 | D:4      | 2229 ||| FLEEEEING.
  2230 | D:4      | 2230 ||| FLEEEEING.
  2231 | D:4      | 2231 ||| FLEEEEING.
  2232 | D:4      | 2232 ||| FLEEEEING.
  2233 | D:4      | 2233 ||| FLEEEEING.
  2234 | D:4      | 2234 ||| FLEEEEING.
  2238 | D:4      | 2238 ||| FLEEEEING.
  2239 | D:4      | 2239 ||| FLEEEEING.
  2240 | D:4      | 2240 ||| FLEEEEING.
  2244 | D:4      | 2244 ||| FLEEEEING.
  2245 | D:4      | 2245 ||| FLEEEEING.
  2246 | D:4      | 2246 ||| FLEEEEING.
  2252 | D:4      | 2252 ||| FLEEEEING.
  2253 | D:4      | 2253 ||| FLEEEEING.
  2254 | D:4      | 2254 ||| STAIRDANCE
  2277 | D:4      | 2277 ||| STAIRDANCE
  2417 | D:4      | Reached skill level 3 in Fighting
  2643 | D:4      | Reached XP level 6. HP: 37/37 MP: 7/7
  2749 | D:4      | Reached skill level 6 in Ranged Weapons
  2753 | D:4      | 2753 ||| FLEEEEING.
  3060 | D:4      | HP: 5/37 [iguana (10)]
  3061 | D:4      | 3061 ||| READING scroll of teleportation.
  3366 | D:4      | 3366 ||| UPGRADING to ring of resist corrosion.
  3367 | D:4      | 3367 ||| READING scroll labelled NUXEAD QAZI.
  3368 | D:4      | 3368 ||| READING 4 scrolls of identify.
  3368 | D:4      | 3368 ||| IDENTIFYING grey potion
  3369 | D:4      | 3369 ||| READING 3 scrolls of identify.
  3369 | D:4      | 3369 ||| IDENTIFYING clear potion
  3370 | D:4      | 3370 ||| READING 2 scrolls of identify.
  3370 | D:4      | 3370 ||| IDENTIFYING puce potion
  3371 | D:4      | 3371 ||| DROPPING potion of lignification.
  3372 | D:4      | 3372 ||| DROPPING potion of degeneration.
  3418 | D:5      | Entered Level 5 of the Dungeon
  3427 | D:5      | 3427 ||| Stepping ~*~*~tactically~*~*~ (outnumbered).
  3438 | D:5      | HP: 4/37 [gnoll sergeant/+0 trident (9)]
  3439 | D:5      | HP: 1/37 [gnoll sergeant/+0 trident (4)]
  3440 | D:5      | Mangled by a gnoll sergeant

Levels and vault maps discovered:
D:1:      minmay_arrival_shoal_huts, layout_rooms,
          dreamdust_ecumenical_altar_angels_and_demons, nrook_campfire,
          nicolae_concentric_dashed_squares_mild
D:2:      layout_basic
D:3:      layout_basic, uniq_ijyb
D:4:      layout_basic
D:5:      layout_loops_corners, hellmonk_ghost_happy_afterlife

Skill      XL: |  1  2  3  4  5  6 |
---------------+-------------------+-----
Ranged Weapons | 3 4 5 6 |  6.0
Fighting       | 2 3 |  3.5
Armour         | 1 |  1.1
Dodging        | |  1.5
Spellcasting   | |  1.0
Hexes          | |  2.6

Action                     |  1- 3 |  4- 6 || total
---------------------------+-------+-------++-------
   Fire: Sling             |   128 |   266 ||   394
    Use: Scroll            |     1 |     7 ||     8
         Potion            |       |     1 ||     1
 Armour: Robe              |    13 |     5 ||    18
         Ring mail         |       |    76 ||    76
  Dodge: Dodged            |    35 |   105 ||   140

Table legend:
 A = Non-vault XP
 B = Vault XP
 C = Vault XP percentage of total XP
 D = Non-vault monster count
 E = Vault monster count
 F = Vault count percentage of total count
                 A         B        C        D         E       F
            +---------+---------+-------+---------+---------+-------
      Total |     520 |      38 |   6.8 |      86 |       1 |   1.1
            +---------+---------+-------+---------+---------+-------
        D:1 |      33 |       0 |   0.0 |      19 |       0 |   0.0
        D:2 |      79 |       0 |   0.0 |      25 |       0 |   0.0
        D:3 |      94 |      38 |  28.8 |      22 |       1 |   4.3
        D:4 |     314 |       0 |   0.0 |      20 |       0 |   0.0
            +---------+---------+-------+---------+---------+-------
